 Dungeon Crawl Stone Soup version 0.28-a0-779-g3d1f99b579 (webtiles) character file.

Game seed: 12598774652494693121

3103 jasper the Fighter (level 9, 0/75 HPs)
             Began as a Demonspawn Cinder Acolyte on Nov 2, 2021.
             Was an Elder of Ignis.
             Slain by an orc warrior (3 damage)
             ... on level 8 of the Dungeon.
             The game lasted 00:10:15 (8495 turns).

jasper the Fighter (Demonspawn Cinder Acolyte)      Turns: 8495, Time: 00:10:16

Health: 0/75       AC: 15    Str: 14    XL:     9   Next: 59%
Magic:  0/10       EV:  9    Int: 19    God:    Ignis [****..]
Gold:   207        SH:  4    Dex: 12    Spells: 0/10 levels left

rFire   + . .      SeeInvis .   A - +6 hunting sling of the Thoughtful Suns {freeze, Dex+3}
rCold   + . .      Faith    .   (no shield)
rNeg    . . .      Spirit   +   v - +0 scale mail {rC+}
rPois   +          Reflect  .   (no helmet)
rElec   .          Harm     .   (no cloak)
rCorr   .          Rampage  .   o - +1 pair of gloves
Will    .....                   (no boots)
Stlth   ..........              f - amulet of guardian spirit
HPRegen 0.22/turn               k - ring of poison resistance
MPRegen 0.12/turn               y - ring of wizardry

@: sanguine armoured
A: sanguine armour 1, condensation shield, demonic touch 2
a: Renounce Religion, Sea of Fire, Foxfire Swarm, Rising Flame


You were on level 8 of the Dungeon.
You worshipped Ignis.
Ignis was greatly pleased with you.
You visited 1 branch of the dungeon, and saw 8 of its levels.

You collected 375 gold pieces.
You spent 168 gold pieces at shops.

Inventory:

Hand Weapons
 a - a -1 falchion of flaming
 c - a +0 dagger of venom
 A - the +6 hunting sling of the Thoughtful Suns (weapon) {freeze, Dex+3}
   (You found it on level 5 of the Dungeon)

   Any ammunition fired from it freezes those it strikes, dealing additional
   cold damage.
   It can also slow down cold-blooded creatures.
   Dex:       It affects your dexterity (+3).
Missiles
 g - 186 stones (quivered ammo)
 i - 43 poisoned darts
 l - 5 datura-tipped darts
Armour
 b - a +0 robe
 d - a +0 scale mail
 o - a +1 pair of gloves (worn)
 u - a +0 kite shield
 v - a +0 scale mail of cold resistance (worn)
Jewellery
 f - an amulet of guardian spirit (around neck)
 h - a ring of magical power
 k - a ring of poison resistance (left hand)
 y - a ring of wizardry (right hand)
 B - a ring of protection from cold
Wands
 x - a wand of iceblast (6)
 C - a wand of mindburst (6)
 D - a wand of flame (21)
Scrolls
 m - a scroll of fear
 r - a scroll of teleportation
 E - a scroll of magic mapping
 G - a scroll of identify
Potions
 e - 2 potions of attraction
 j - 3 potions of lignification
 n - 2 potions of might
 p - a potion of cancellation
 q - a potion of haste
 s - a potion of heal wounds
 t - 2 potions of curing
 w - a potion of resistance {unknown}
 z - 2 potions of brilliance {unknown}
 F - a potion of berserk rage {unknown}


   Skills:
 * Level 8.9 Fighting
 - Level 3.1 Long Blades
 + Level 5.9 Armour
 + Level 7.3 Unarmed Combat
 - Level 1.0 Spellcasting
 - Level 2.6 Fire Magic


You couldn't memorise any spells.
You knew the following spells:

 Your Spells              Type           Power      Damage    Failure   Level
a - Scorch                Fire           22%        2d6       14%         2
b - Inner Flame           Hex/Fire       6%         N/A       41%         3
c - Wereblood             Tmut           0%         N/A       38%         2
d - Mephitic Cloud        Conj/Pois/Air  0%         N/A       58%         3

Your spell library contained the following spells:

 Spells                   Type           Power      Damage    Failure   Level
 Beastly Appendage        Tmut           0%         N/A       26%         1
 Magic Dart               Conj           0%         1d3       26%         1
 Call Imp                 Summ           0%         N/A       38%         2
 Dazzling Flash           Conj/Hex       0%         N/A       58%         3
 Ozocubu's Armour         Ice            0%         N/A       58%         3
 Spider Form              Tmut/Pois      0%         N/A       58%         3
 Flame Wave               Conj/Fire      6%         3d4       80%         4
 Cause Fear               Hex            0%         N/A       92%         4
 Agony                    Necr           0%         N/A       99%         5
 Silence                  Hex/Air        0%         N/A       99%         5
 Summon Cactus Giant      Summ           0%         N/A       100%        6
 Ozocubu's Refrigeration  Ice            0%         4d5       100%        7
 Discord                  Hex            0%         N/A       100%        8


Dungeon Overview and Level Annotations

Branches:
Dungeon (8/15)             Temple (0/1) D:5
   Lair: D:8-11

Altars:
Gozag
Kikubaaqudgha
Ru
Sif Muna
Zin

Shops:
D:5 !   D:6 :

Annotations:
D:3 3 runed translucent doors


Innate Abilities, Weirdness & Mutations

When seriously injured, your bleeding wounds create armour. (AC +6)
A meltable shield of frost defends you. (SH +4)
Your touch may inflict irresistible damage on your foes.


Message History

Press: ? - help, Q - select action, (/) - cycle Shift-Dir - straight line, f/p - orc
Aim: an orc, wielding a +0 falchion (68% to hit)
You shoot a stone. The stone closely misses the orc.
The stone hits the orc warrior.
The stone freezes the orc warrior.
The orc warrior is almost dead.
The orc hits you but does no damage.
The orc warrior hits you from afar with a +0 halberd!
The orc hits you but does no damage.
You take 8 damage, and have 26/75 hp.
You now have 6/10 mp.
Fire: 189 stones
Press: ? - help, Q - select action, (/) - cycle Shift-Dir - straight line, f/p - orc
Aim: an orc, wielding a +0 falchion (68% to hit)
You shoot a stone. The stone closely misses the orc.
The stone hits the orc warrior but does no damage.
The orc warrior is almost dead.
The orc warrior hits you from afar with a +0 halberd!
* * * LOW HITPOINT WARNING * * *
The orc hits you but does no damage.
You take 12 damage, and have 14/75 hp.
You now have 3/10 mp.
Fire: 188 stones
Press: ? - help, Q - select action, (/) - cycle Shift-Dir - straight line, f/p - orc
Aim: an orc, wielding a +0 falchion (68% to hit)
You shoot a stone. The stone hits the orc.
The stone freezes the orc.
The orc is severely wounded.
The orc warrior hits you from afar with a +0 halberd.
* * * LOW HITPOINT WARNING * * *
The orc hits you but does no damage.
You take 3 damage, and have 11/75 hp.
Fire: 187 stones
Press: ? - help, Q - select action, (/) - cycle Shift-Dir - straight line, f/p - orc
Aim: an orc, wielding a +0 falchion (severely wounded, 68% to hit)
You shoot a stone. The stone barely misses the orc.
The stone hits the orc warrior but does no damage.
The orc warrior is almost dead.
The orc warrior hits you from afar with a +0 halberd!
* * * LOW HITPOINT WARNING * * *
You block the orc's attack.
The orc warrior hits you from afar with a +0 halberd.
You die...

##.......# .#
#####......#.## ..#
..............### ....
..............#.##....
......................
.............#......##
.............#......#
........##..##......#.
........##@##<........
........##o###........
#+###.....o.##........
#........#........
#.#......#........
+.#...............
#.................
##....(...........
##............


You could see an orc warrior and an orc.

Vanquished Creatures
  A wraith (D:6)
  A wyvern (D:7)
  4 vampire mosquitoes (D:7)
  Edmund (D:5)
  A water moccasin (D:5)
  A sky beast (D:5)
  An ice beast (D:6)
  A black bear (D:6)
  3 necrophages
  A phantom (D:6)
  A kobold brigand (D:6)
  3 scorpions (D:6)
  4 bullfrogs
  A gnoll sergeant (D:5)
  A wyvern zombie (D:7)
  4 killer bees (D:8)
  A centaur zombie (D:5)
  A hound (D:6)
  4 orc priests
  A centaur skeleton (D:5)
  3 iguanas
  6 orc wizards
  A howler monkey zombie (D:7)
  5 adders
  4 gnolls (D:5)
  A howler monkey skeleton (D:7)
  2 white imps
  3 worms
  A dart slug (D:3)
  30 orcs
  10 endoplasms
  8 giant cockroaches
  3 goblins (D:1)
  2 hobgoblins
  7 jackals
  5 quokkas
  5 ball pythons
  7 bats
  2 frilled lizards
  11 kobolds
  A quokka skeleton (D:4)
  6 rats
159 creatures vanquished.

Vanquished Creatures (others)
  63 foxfires
  6 plants (D:5)
69 creatures vanquished.

Grand Total: 228 creatures vanquished

Notes
Turn   | Place    | Note
-------+----------+-------------------------------------------
     0 | D:1      | jasper the Demonspawn Cinder Acolyte began the quest for
                  | the Orb.
     0 | D:1      | Reached XP level 1. HP: 18/18 MP: 2/2
   311 | D:1      | Found a faded altar of an unknown god.
   339 | D:1      | Gained mutation: Your touch may inflict minor irresistible
                  | damage on your foes. [demonic ancestry]
   339 | D:1      | Reached XP level 2. HP: 20/24 MP: 3/3
  1426 | D:2      | Reached skill level 1 in Unarmed Combat
  1434 | D:2      | Gained mutation: Your touch may inflict irresistible damage
                  | on your foes. [demonic ancestry]
  1434 | D:2      | Reached XP level 3. HP: 26/29 MP: 4/4
  1553 | D:2      | Reached skill level 1 in Armour
  1908 | D:2      | Reached XP level 4. HP: 28/35 MP: 5/5
  2414 | D:2      | Learned a level 2 spell: Scorch
  2671 | D:3      | Found a runed translucent gate.
  2671 | D:3      | Found a runed translucent gate.
  2671 | D:3      | Found a runed translucent gate.
  3098 | D:3      | Noticed an ice beast
  3336 | D:3      | Gained mutation: A meltable shield of frost defends you.
                  | (SH +4) [demonic ancestry]
  3336 | D:3      | Reached XP level 5. HP: 42/42 MP: 6/6
  3401 | D:4      | Found an ancient bone altar of Kikubaaqudgha.
  3683 | D:4      | Reached skill level 4 in Fighting
  4049 | D:5      | Entered Level 5 of the Dungeon
  4049 | D:5      | Noticed a necrophage
  4053 | D:5      | Killed a necrophage
  4054 | D:5      | Reached XP level 6. HP: 48/48 MP: 7/7
  4076 | D:5      | Found a shimmering blue altar of Sif Muna.
  4170 | D:5      | Noticed a water moccasin
  4180 | D:5      | Killed a water moccasin
  4245 | D:5      | Noticed a sky beast
  4270 | D:5      | Gained mutation: When seriously injured, your bleeding
                  | wounds create armour. (AC +6) [demonic ancestry]
  4270 | D:5      | Reached XP level 7. HP: 45/55 MP: 5/8
  4448 | D:5      | Found Syder's Distillery.
  4480 | D:5      | Reached skill level 5 in Fighting
  4489 | D:5      | Learned a level 3 spell: Inner Flame
  4522 | D:5      | Bought a potion of heal wounds for 60 gold pieces
  4522 | D:5      | Bought a potion of curing for 36 gold pieces
  4522 | D:5      | Bought a potion of lignification for 36 gold pieces
  4522 | D:5      | Bought a potion of lignification for 36 gold pieces
  4534 | D:5      | Reached skill level 5 in Unarmed Combat
  4739 | D:5      | Noticed Edmund
  4762 | D:5      | Killed Edmund
  4845 | D:5      | Found a staircase to the Ecumenical Temple.
  4951 | D:5      | Reached XP level 8. HP: 62/63 MP: 9/9
  5622 | D:5      | Found an opulent altar of Gozag.
  5858 | D:5      | Identified the +6 hunting sling of the Thoughtful Suns
                  | {freeze, Dex+3}
  6028 | D:6      | Reached skill level 6 in Fighting
  6452 | D:6      | Reached skill level 7 in Fighting
  6631 | D:6      | Reached skill level 5 in Armour
  6796 | D:6      | Found a sacrificial altar of Ru.
  6854 | D:6      | Reached XP level 9. HP: 72/72 MP: 8/10
  6954 | D:6      | Found Femups's Book Emporium.
  7495 | D:7      | Reached skill level 8 in Fighting
  7748 | D:7      | Learned a level 2 spell: Wereblood
  7752 | D:7      | Learned a level 3 spell: Mephitic Cloud
  8495 | D:8      | HP: 3/75 [orc warrior (9)]
  8495 | D:8      | Slain by an orc warrior

Illustrated notes

Levels and vault maps discovered:
D:1:      matt_arrival_spirals, layout_basic, shapermc_ecumenical_altar_gd,
          roderic_lattice_a, kennysheep_flooded_box
D:2:      layout_loops_cross
D:3:      minmay_general_purpose_star, layout_basic,
          mainiacjoe_overflow_brackets, serial_shops, shop,
          biasface_ghost_orc_armoury, minmay_misc_feat_tiny
D:4:      layout_basic, overflow_temple_1_default, minmay_misc_feat_rugged
D:5:      layout_cave_pods, grunt_temple_overflow_gold_and_silver,
          kennysheep_orc_sif_temple, minmay_temple_entry_gardened_gates,
          serial_shops, shop, glass_columns_c, hangedman_decor_lopped,
          uniq_edmund
D:6:      layout_loops_cross, nicolae_ru_great_annihilating_truth, serial_shops,
          kennysheep_mini_moat, minmay_misc_feat_five, eino_tiny_chamber
D:7:      layout_loops_ring
D:8:      layout_cave_pools, kennysheep_little_box

Skill      XL: |  1  2  3  4  5  6  7  8  9 |
---------------+----------------------------+-----
Long Blades    | 3 |  3.1
Unarmed Combat | 1 2 3 4 5 6 7 |  7.3
Armour         | 1 2 3 5 |  5.9
Fighting       | 4 5 7 8 |  8.9
Spellcasting   | |  1.0
Fire Magic     | |  2.6

Action                   |  1- 3 |  4- 6 |  7- 9 || total
-------------------------+-------+-------+-------++-------
Melee: Falchion          |    19 |       |       ||    19
       Dagger            |   106 |   123 |   108 ||   337
       Touch             |    14 |    26 |    27 ||    67
       Punch             |       |       |     1 ||     1
 Fire: Hunting sling     |       |       |   215 ||   215
Throw: Stone             |       |     2 |       ||     2
Invok: Foxfire Swarm     |       |     3 |     1 ||     4
Evoke: Wand              |       |     6 |     1 ||     7
  Use: Scroll            |       |     6 |     6 ||    12
Armor: Robe              |     5 |       |       ||     5
       Scale mail        |    40 |    39 |   153 ||   232
Dodge: Dodged            |    60 |    33 |   115 ||   208
Block: Other             |       |     6 |    55 ||    61

Table legend: (Time is in decaauts)
 A = Elapsed time spent in this place.
 B = Non-inter-level travel time spent in this place.
 C = Inter-level travel time spent in this place.
 D = Time resting spent in this place.
 E = Time spent auto-exploring this place.
 F = Levels seen in this place.
 G = Mean time per level.
                   A        B        C        D        E       F      G
               +--------+--------+--------+--------+--------+-----+--------+
         Total |   8543 |   8323 |    220 |    712 |   6243 |   8 | 1067.9 |
       Dungeon |   8543 |   8323 |    220 |    712 |   6243 |   8 | 1067.9 |
               +--------+--------+--------+--------+--------+-----+--------+

Top non-repeatable levels by time:
     D:5: 1841 daAuts
     D:6: 1365 daAuts
     D:1: 1354 daAuts
     D:2: 1255 daAuts
     D:7: 1237 daAuts
     D:3: 743 daAuts
     D:4: 678 daAuts
     D:8: 67 daAuts
